 Dungeon Crawl Stone Soup version 0.22-a0-423-g4197694 (webtiles) character file.

2758 emperorscorpion the Carver (level 9, 0/118 HPs)
             Began as a Minotaur Berserker on May 23, 2018.
             Was a High Priest of Trog.
             Killed from afar by an orc wizard (4 damage)
             ... with a puff of frost
             ... on level 9 of the Dungeon.
             The game lasted 00:07:33 (5004 turns).

emperorscorpion the Carver (Minotaur Berserker)     Turns: 5004, Time: 00:07:34

Health: 0/118      AC:  9    Str: 26    XL:     9   Next: 41%
Magic:  8/8        EV: 14    Int:  4    God:    Trog [*****.]
Gold:   296        SH:  0    Dex: 14    Spells: 8/8 levels left

rFire    . . .     SeeInvis .   a - +0 falchion
rCold    . . .     Gourm    .   (no shield)
rNeg     . . .     Faith    +   k - +0 scale mail
rPois    .         Spirit   .   (helmet restricted)
rElec    .         Reflect  .   (no cloak)
rCorr    .         Harm     .   (no gloves)
MR       .....                  j - +0 pair of boots
Stlth    ..........             e - amulet of faith
HPRegen  0.29/turn              (no ring)
MPRegen  0.11/turn              (no ring)

@: berserking (expiring), slowed
A: retaliatory headbutt, horns 2
a: Berserk, Trog's Hand, Brothers in Arms, Renounce Religion


You were on level 9 of the Dungeon.
You worshipped Trog.
Trog was extremely pleased with you.
You were very hungry.

You visited 1 branch of the dungeon, and saw 9 of its levels.

You collected 296 gold pieces.

Inventory:

Hand Weapons
 a - a +0 falchion (weapon)
 f - a +2 dagger of protection
 n - a cursed -1 dagger
Missiles
 r - 5 tomahawks (quivered)
 x - 8 javelins of returning
Armour
 b - a +0 animal skin
 j - a +0 pair of boots (worn)
 k - a +0 scale mail (worn)
Jewellery
 e - an amulet of faith (around neck)
Wands
 t - a wand of acid (8)
 y - a wand of disintegration (9)
Scrolls
 g - a scroll of noise {unknown}
 h - a scroll of remove curse {unknown}
 i - a scroll of fog {unknown}
 l - 7 scrolls of identify {unknown}
 o - a scroll of magic mapping {unknown}
 p - 3 scrolls of enchant weapon {unknown}
 u - a scroll of amnesia {unknown}
 w - 2 scrolls of enchant armour {unknown}
Potions
 d - a potion of degeneration {unknown}
 m - a potion of mutation {unknown}
 q - 4 potions of haste {unknown}
 s - a potion of curing {unknown}
 v - a potion of flight {unknown}
 z - 2 potions of resistance
Comestibles
 c - 17 rations


   Skills:
 + Level 7.2 Fighting
 + Level 10.8 Long Blades
 + Level 7.4 Armour
 + Level 6.2 Dodging
 + Level 1.3 Stealth


You had 8 spell levels left.
You didn't know any spells.
Your spell library contained the following spells:

 Spells                   Type           Power        Failure   Level  Hunger
 Magic Dart               Conj           #...         75%         1    ##.....
 Iskenderun's Mystic Bla  Conj           #.......     100%        4    #####..
 Fulminant Prism          Conj/Hex       #.........   100%        4    #####..
 Dazzling Spray           Conj/Hex       #.....       98%         3    ####...
 Force Lance              Conj/Tloc      #.......     100%        4    #####..
 Searing Ray              Conj           #.....       87%         2    ###....


Dungeon Overview and Level Annotations

Branches:
Dungeon (9/15)             Temple (0/1) D:7
   Lair: D:8-11         Orc: D:9-12

Altars:
Ashenzari
Cheibriados
Elyvilon
Gozag
Okawaru
Qazlal
Trog
Uskayaw
The Shining One

Shops:
D:4 (

Annotations:
D:9 Joseph


Innate Abilities, Weirdness & Mutations

You reflexively headbutt those who attack you in melee.
You have a pair of horns on your head.


Message History

Deactivating autopickup; reactivate with Ctrl-A.
The orc warrior closely misses you.
You riposte.
You hit the orc warrior.
The orc warrior is lightly wounded.
You slash the two-headed ogre!
The two-headed ogre is severely wounded.
The two-headed ogre hits you with a giant club!!
* * * LOW HITPOINT WARNING * * *
The two-headed ogre hits you with a giant club!!
* * * LOW HITPOINT WARNING * * *
The orc wizard gestures wildly while chanting.
The orc wizard seems to speed up.
You slash the two-headed ogre!
You kill the two-headed ogre!
Trog accepts your kill.
Your Fighting skill increases to level 7!
Your Armour skill increases to level 7!
You hear some strange, mumbled words.
A puff of frost appears from out of thin air!
The puff of frost hits you!
You die...

#### ..... .....
......
#############o.....
#....@){o..........
#....o.o.........o.
#.####@o..#####...+
.. #....... .. .
###(.### #..# #...
+..#.


You could see Joseph, an orc warrior, an orc wizard and 2 orcs.

Vanquished Creatures
  A two-headed ogre (D:9)
  The ghost of Eptagon the Insei, an amateur OpFi (D:4)
  An orc warrior (D:7)
  2 phantoms
  A sky beast (D:6)
  An ice beast (D:7)
  4 ogres
  2 centaurs
  A scorpion (D:4)
  A howler monkey (D:4)
  2 crimson imps (D:7)
  A bullfrog zombie (D:7)
  A quasit (D:5)
  3 orc priests
  A centaur skeleton (D:5)
  3 hounds
  5 orc wizards
  6 worker ants
  A hound zombie (D:6)
  9 adders
  7 gnolls
  An adder skeleton (D:5)
  2 worms (D:3)
  4 dart slugs
  6 leopard geckos
  16 orcs
  3 ball pythons
  A bat zombie (D:6)
  9 giant cockroaches
  8 goblins
  7 hobgoblins
  15 jackals
  6 kobolds
  3 quokkas
  7 bats
  6 frilled lizards
  A leopard gecko skeleton (D:4)
  A rat (D:1)
150 creatures vanquished.

Notes
Turn   | Place    | Note
-------+----------+-------------------------------------------
     0 | D:1      | emperorscorpion the Minotaur Berserker began the quest for the Orb.
     0 | D:1      | Reached XP level 1. HP: 19/19 MP: 0/0
   193 | D:2      | Reached XP level 2. HP: 27/27 MP: 1/1
   252 | D:2      | Found a faded altar of an unknown god.
   294 | D:2      | Reached skill level 4 in Long Blades
   313 | D:2      | Reached XP level 3. HP: 33/33 MP: 2/2
   402 | D:2      | Reached ** piety under Trog
   497 | D:2      | Found a stormy altar of Qazlal.
   726 | D:3      | Reached XP level 4. HP: 41/41 MP: 3/3
   852 | D:3      | Reached skill level 5 in Long Blades
  1228 | D:1      | Reached *** piety under Trog
  1272 | D:1      | Reached XP level 5. HP: 44/47 MP: 4/4
  1529 | D:4      | Reached skill level 6 in Long Blades
  1531 | D:4      | Reached XP level 6. HP: 55/55 MP: 5/5
  1586 | D:4      | Reached **** piety under Trog
  1670 | D:4      | Noticed Eptagon's ghost (amateur OpFi)
  2196 | D:4      | Found an opulent altar of Gozag.
  2198 | D:4      | Reached skill level 7 in Long Blades
  2275 | D:4      | Killed Eptagon's ghost
  2275 | D:4      | Reached skill level 5 in Fighting
  2275 | D:4      | Reached XP level 7. HP: 61/61 MP: 6/6
  2342 | D:4      | Found Ruowit's Weapon Boutique.
  2411 | D:4      | Found a hide-covered altar of Uskayaw.
  2451 | D:4      | Found a snail-covered altar of Cheibriados.
  2596 | D:4      | Reached skill level 8 in Long Blades
  2628 | D:5      | Entered Level 5 of the Dungeon
  2829 | D:5      | Reached skill level 5 in Armour
  2829 | D:5      | Reached skill level 1 in Stealth
  2829 | D:5      | Reached XP level 8. HP: 69/69 MP: 7/7
  2863 | D:5      | Reached skill level 5 in Dodging
  2906 | D:5      | Found a white marble altar of Elyvilon.
  3287 | D:5      | Found a bloodstained altar of Trog.
  3395 | D:7      | Reached ***** piety under Trog
  3395 | D:7      | Reached skill level 9 in Long Blades
  3558 | D:7      | Found a staircase to the Ecumenical Temple.
  3666 | D:7      | Found an iron altar of Okawaru.
  4124 | D:6      | Found a shattered altar of Ashenzari.
  4301 | D:6      | Reached XP level 9. HP: 47/78 MP: 8/8
  4435 | D:6      | Found a glowing golden altar of the Shining One.
  4572 | D:6      | Reached skill level 10 in Long Blades
  4936 | D:8      | Found a shattered altar of Ashenzari.
  4992 | D:9      | Noticed Joseph
  4992 | D:9      | Noticed a two-headed ogre
  5003 | D:9      | HP: 4/117 [two-headed ogre/giant club (20)]
  5004 | D:9      | Killed a two-headed ogre
  5004 | D:9      | Killed from afar by an orc wizard

Vault maps used:
D:1:      dpeg_arrival_snail
D:2:      chequers_ecumenical_altar_twisty, grunt_qazlal_sundering
D:3:      first_ration
D:4:      grunt_temple_overflow_champion_of_chaos, grunt_gozag_statues,
          lemuel_crystal_altar, kennysheep_slug_shrine, serial_shops,
          shop_statue
D:5:      marbit_many_paths, kennysheep_little_box
D:6:      lemuel_zombie_altar_kikubaaqudgha, lemuel_doored_altar,
          evilmike_ruin_ashenzari
D:7:      minmay_temple_entry_hall, serial_corexii_hall, corexii_hall_statues_l,
          corexii_hall_statues_s, okawaru_metal_pillars_3
D:8:      lemuel_crystal_altar, erik_lair_island, enter_ossuary_1,
          uniq_prince_ribbit1, uniq_psyche, uniq_erica
D:9:      vehumet_statue, uniq_joseph, uniq_erolcha

Skill      XL: |  1  2  3  4  5  6  7  8  9 |
---------------+----------------------------+-----
Fighting       | 4 5 6 7 |  7.2
Long Blades    | 4 5 6 7 8 9 10 | 10.8
Dodging        | 3 4 5 6 |  6.2
Armour         | 3 5 6 7 |  7.4
Stealth        | 1 |  1.3

Action                   |  1- 3 |  4- 6 |  7- 9 || total
-------------------------+-------+-------+-------++-------
Melee: Falchion          |    54 |   152 |   172 ||   378
       Headbutt          |     9 |    27 |    45 ||    81
Invok: Berserk           |     4 |     3 |     6 ||    13
 Stab: Sleeping          |     1 |       |       ||     1
  Eat: Chunk             |     2 |     8 |    14 ||    24
Armor: Animal skin       |     5 |       |       ||     5
       Scale mail        |       |    55 |    61 ||   116
Dodge: Dodged            |    41 |    93 |   113 ||   247
       Rpst.: Falchion   |    11 |    25 |    27 ||    63

Table legend:
 A = Spawn XP
 B = Non-spawn XP
 C = Spawn XP percentage of total XP
 D = Spawn monster count
 E = Non-spawn monster count
 F = Spawn count percentage of total count
 G = Total turns spent on level
                    A         B        C        D         E        F      G
               +---------+---------+-------+---------+---------+-------+---------
         Total |       0 |    3940 |   0.0 |       0 |     150 |   0.0 |  5004
               +---------+---------+-------+---------+---------+-------+---------
           D:1 |       0 |      40 |   0.0 |       0 |      22 |   0.0 |   472
           D:2 |       0 |      73 |   0.0 |       0 |      24 |   0.0 |   755
           D:3 |       0 |     256 |   0.0 |       0 |      29 |   0.0 |   859
           D:4 |       0 |     798 |   0.0 |       0 |      25 |   0.0 |   542
           D:5 |       0 |     592 |   0.0 |       0 |      15 |   0.0 |   734
           D:6 |       0 |     577 |   0.0 |       0 |      22 |   0.0 |  1102
           D:7 |       0 |     727 |   0.0 |       0 |      12 |   0.0 |   401
           D:9 |       0 |     877 |   0.0 |       0 |       1 |   0.0 |    12
               +---------+---------+-------+---------+---------+-------+---------
